 Dungeon Crawl Stone Soup version 0.27-a0-789-g6bb3289e1e (webtiles) character file.

Game seed: 13308652624457920073

9 Hasart the Magician (level 2, 0/19 HPs)
             Began as a Mummy Venom Mage on Mar 26, 2021.
             Slain by a jackal (2 damage)
             ... on level 1 of the Dungeon.
             The game lasted 00:00:50 (219 turns).

Hasart the Magician (Mummy Venom Mage)               Turns: 219, Time: 00:00:51

Health: 0/19       AC:  2    Str: 11    XL:     2   Next: 3%
Magic:  1/5        EV: 12    Int: 14    God:
Gold:   0          SH:  0    Dex: 12    Spells: 5/6 levels left

rFire    x . .     SeeInvis .   (no weapon)
rCold    + . .     Faith    .   (no shield)
rNeg     + + +     Spirit   .   a - +0 robe
rPois    ∞         Reflect  .   (no helmet)
rElec    .         Harm     .   (no cloak)
rCorr    .         Rampage  .   (no gloves)
Will     .....                  (no boots)
Stlth    ++........             (no amulet)
HPRegen  0.06/turn              (no ring)
MPRegen  0.09/turn              (no ring)

@: no status effects
A: cold resistance 1, negative energy resistance 3, torment resistance 2,
unbreathing 1, heat vulnerability 1, no potions
a: no special abilities


You were on level 1 of the Dungeon.
You visited 1 branch of the dungeon, and saw 1 of its levels.

Inventory:

Armour
 a - a +0 robe (worn)
Scrolls
 b - a scroll of brand weapon {unknown}


   Skills:
 + Level 1.7 Dodging
 - Level 1.5 Stealth
 + Level 2.9 Spellcasting
 + Level 1.0 Transmutations
 * Level 2.6 Poison Magic


You had 5 spell levels left.
You knew the following spells:

 Your Spells              Type           Power      Damage    Failure   Level
a - Sting                 Tmut/Pois      28%        1d4       11%         1

Your spell library contained the following spells:

 Spells                   Type           Power      Damage    Failure   Level
 Poisonous Vapours        Pois/Air       10%        N/A       19%         2
 Ignite Poison            Fire/Tmut/Pois 5%         N/A       36%         3
 Mephitic Cloud           Conj/Pois/Air  4%         N/A       41%         3
 Olgreb's Toxic Radiance  Pois           9%         N/A       58%         4


Dungeon Overview and Level Annotations

Branches:
Dungeon (1/15)

Altars:


Innate Abilities, Weirdness & Mutations

You are immune to poison.
Your flesh is cold resistant. (rC+)
You are immune to negative energy. (rN+++)
You are immune to unholy pain and torment.
You can survive without breathing.
You are vulnerable to heat. (rF-)
You do not drink.


Message History

The jackal misses you.
Found 14 gold pieces.
You see here 14 stones.
The jackal misses you.
You see here a +0 dagger.
The jackal bites you but does no damage.
Casting: Sting (safe; 11% risk of failure)
Confirm with . or Enter, or press ? or * to list all spells.
Aiming: Sting (safe; 11% risk of failure)
Press: ? - help, Shift-Dir - straight line, f/p - jackal
Aim: a jackal (40% to evade)
The sting hits the jackal.
The jackal is poisoned.
The jackal is moderately wounded.
The jackal bites you but does no damage.
The jackal bites you.
* * * LOW HITPOINT WARNING * * *
Unknown command.
The jackal bites you but does no damage.
The jackal closely misses you.
You kill the jackal!
Your Transmutations skill increases to level 1!
Casting: Sting (safe; 11% risk of failure)
Confirm with . or Enter, or press ? or * to list all spells.
Aiming: Sting (safe; 11% risk of failure)
Press: ? - help, Shift-Dir - straight line, f - jackal
Aim: a jackal (40% to evade)
The sting hits the jackal but does no damage.
The jackal is poisoned.
The jackal barely misses you. The jackal bites you.
* * * LOW HITPOINT WARNING * * *
Unknown command.
Unknown command.
You see here a +0 club.
The jackal barely misses you.
You kill the jackal!
You have reached level 2!
Sorry, you're not good enough to have a special ability.
You see here a hobgoblin corpse.
The jackal misses you. The jackal bites you.
You die...

#..##...#.## #####
#.# .##.h####.#
#†# .##..####.#
#.#
#..##..##)########
#.#
#..##..##..†..†..#
#.#
#..##.##########.#
#.# #)##..#####
#.# #.#
#..(......$. #h#
#.# ############
#@# #.# #.# #.#
#.# ..# #.# .##
#.# #.######.#
#....g.h..
#......h..h.
.....#.######h.


You could see a jackal.

Vanquished Creatures
  A goblin (D:1)
  2 hobgoblins (D:1)
  3 jackals (D:1)
  A rat (D:1)
7 creatures vanquished.

Notes
Turn   | Place    | Note
-------+----------+-------------------------------------------
     0 | D:1      | Hasart the Mummy Venom Mage began the quest for the Orb.
     0 | D:1      | Reached XP level 1. HP: 13/13 MP: 4/4
   206 | D:1      | Reached skill level 1 in Transmutations
   214 | D:1      | Reached XP level 2. HP: 2/19 MP: 0/5
   219 | D:1      | Slain by a jackal

Illustrated notes

Levels and vault maps discovered:
D:1:      lightli_iron_boxes, layout_loops_ring,
          corexii_item_surrounded_by_moat, minmay_lizard_king

Skill      XL: |  1 |
---------------+----+-----
Transmutations | 1 |  1.0
Dodging        | |  1.7
Stealth        | |  1.5
Spellcasting   | |  2.9
Poison Magic   | |  2.6

Action                   || total
-------------------------++-------
 Cast: Sting             ||    12
Armor: Robe              ||     3
Dodge: Dodged            ||    12

Table legend: (Time is in decaauts)
 A = Elapsed time spent in this place.
 B = Non-inter-level travel time spent in this place.
 C = Inter-level travel time spent in this place.
 D = Time resting spent in this place.
 E = Time spent auto-exploring this place.
 F = Levels seen in this place.
 G = Mean time per level.
                   A        B        C        D        E       F      G
               +--------+--------+--------+--------+--------+-----+--------+
         Total |    219 |    219 |      0 |      0 |    126 |   1 |  219.0 |
       Dungeon |    219 |    219 |      0 |      0 |    126 |   1 |  219.0 |
               +--------+--------+--------+--------+--------+-----+--------+

Top non-repeatable levels by time:
     D:1: 219 daAuts
